 Dungeon Crawl Stone Soup version 0.22.1-2-g9c5b331 (webtiles) character file.

7332 lisu the Severer (level 10, 0/83 HPs)
             Began as a Minotaur Fighter on Dec 7, 2018.
             Was a High Priest of Okawaru.
             Slain by an orc warrior
             ... wielding a +0 trident
              (9 damage)
             ... on level 9 of the Dungeon.
             The game lasted 01:53:50 (11545 turns).

lisu the Severer (Minotaur Fighter)                Turns: 11545, Time: 01:53:50

Health: 0/83       AC: 14    Str: 22    XL:     10   Next: 90%
Magic:  7/9        EV:  9    Int:  6    God:    Okawaru [*****.]
Gold:   644        SH: 11    Dex: 11    Spells: 9/9 levels left

rFire    + . .     SeeInvis .   a - +0 war axe
rCold    . . .     Gourm    .   c - +0 shield
rNeg     . . .     Faith    .   j - +0 chain mail {rF+}
rPois    .         Spirit   .   (helmet restricted)
rElec    .         Reflect  .   t - +0 cloak
rCorr    .         Harm     .   (no gloves)
MR       .....                  (no boots)
Stlth    ..........             (no amulet)
HPRegen  0.23/turn              (no ring)
MPRegen  0.11/turn              (no ring)

@: heroism
A: retaliatory headbutt, horns 2
a: Heroism, Finesse, Renounce Religion


You were on level 9 of the Dungeon.
You worshipped Okawaru.
Okawaru was extremely pleased with you.
You were not hungry.

You visited 2 branches of the dungeon, and saw 10 of its levels.

You collected 644 gold pieces.

Inventory:

Hand Weapons
 a - a +0 war axe (weapon)
 b - a +0 hunting sling
Missiles
 o - 16 bolts
 x - 7 tomahawks (quivered)
 G - 12 sling bullets
Armour
 c - a +0 shield (worn)
 j - a +0 chain mail of fire resistance (worn)
 t - a +0 cloak (worn)
Wands
 l - a wand of iceblast (4)
 y - a wand of digging (26)
 E - a wand of disintegration (7)
Scrolls
 e - 2 scrolls of remove curse
 i - a scroll of enchant armour
 k - 2 scrolls of vulnerability
 m - a scroll of fog {unknown}
 q - 2 scrolls of enchant weapon
 s - 4 scrolls of teleportation
 u - 2 scrolls of noise
 v - a scroll of amnesia {unknown}
 B - a scroll of magic mapping {unknown}
 C - 2 scrolls of fear {unknown}
Potions
 d - a potion of might
 g - a potion of mutation
 h - a potion of lignification
 n - a potion of flight
 r - a potion of agility
 w - a potion of ambrosia {unknown}
 z - a potion of brilliance {unknown}
 A - a potion of cancellation {unknown}
 D - a potion of heal wounds {unknown}
Comestibles
 f - 4 rations


   Skills:
 - Level 6.1(11.1) Fighting
 + Level 16.9(21.9) Axes
 + Level 8.1(13.1) Armour
 - Level 3.6(8.6) Shields


You had 9 spell levels left.
You didn't know any spells.
Your spell library contained the following spells:

 Spells                   Type           Power        Failure   Level  Hunger
 Animate Skeleton         Necr           N/A          99%         1    ##.....
 Apportation              Tloc           #.....       99%         1    ##.....
 Confusing Touch          Hex            #.....       99%         1    ##.....
 Magic Dart               Conj           #...         99%         1    ##.....
 Summon Small Mammal      Summ           #...         99%         1    ##.....
 Blink                    Tloc           N/A          100%        2    ###....
 Call Imp                 Summ           #.......     100%        2    ###....
 Slow                     Hex            #.......     100%        2    ###....
 Conjure Flame            Conj/Fire      #.......     100%        3    ####...
 Mephitic Cloud           Conj/Pois/Air  #.......     100%        3    ####...


Dungeon Overview and Level Annotations

Branches:
Dungeon (9/15)             Temple (1/1) D:6            Lair (0/6) D:9
    Orc (0/2) D:9

Altars:
Ashenzari
Cheibriados
Dithmenos
Elyvilon
Fedhas
Gozag
Hepliaklqana
Kikubaaqudgha
Makhleb
Nemelex Xobeh
Okawaru
Qazlal
Ru
Sif Muna
Trog
Uskayaw
Vehumet
Wu Jian
Xom
Yredelemnul
Zin
The Shining One


Innate Abilities, Weirdness & Mutations

You reflexively headbutt those who attack you in melee.
You have a pair of horns on your head.


Message History

The orc warrior is healed somewhat.
You hit the orc warrior.
The orc warrior is severely wounded.
The orc warrior hits you with a trident!
* * * LOW HITPOINT WARNING * * *
Evoke which item? (* to show all) (? for menu, Esc to quit)
Aiming: Disintegrate
Press: ? - help, Shift-Dir - straight line, f - orc warrior
Aim: an orc warrior, wielding a trident and wearing a plate armour (severely The orc warrior is blasted.
The orc priest mumbles some strange prayers to Beogh against you.
Beogh smites you!
* * * LOW HITPOINT WARNING * * *
You block the orc warrior's attack.
You feel better.
The orc warrior hits you with a trident!
* * * LOW HITPOINT WARNING * * *
You gain the combat prowess of a mighty hero.
The orc warrior hits you with a trident!
You die...

#)# # #.# #.......# #.#
#. #[# #.......# #)# ..
#.# #.......# ).#
###o###.#####....##
#######8...8#o...##....#
............(.##.#####.#
#######..>..####o# #.#
.# ####..... #o# #.# #
.......### #@# #.# ##..
...# #.# #.# #.# #..#
#.# #.# .#####..# #.#
#.# ....##..# #.#####.#
........# #.......#
###†##.## #########
#.##.#######
#...........


You could see an orc warrior and an orc priest.

Vanquished Creatures
  A two-headed ogre (D:8)
  2 trolls (D:9)
  A queen bee (D:8)
  Grinder (D:3)
  A hippogriff (D:7)
  A wyvern (D:7)
  4 yaks (D:9)
  3 orc warriors
  2 sky beasts
  A necrophage (D:7)
  5 phantoms
  2 wolves (D:9)
  4 ogres
  4 centaurs
  A bullfrog (D:7)
  A water moccasin skeleton (D:8)
  4 scorpions
  5 wights (D:7)
  20 killer bees
  3 electric eels (D:9)
  A centaur zombie (D:7)
  7 howler monkeys
  2 crimson imps
  2 bullfrog zombies (D:7)
  Crazy Yiuf (D:3)
  A bullfrog skeleton (D:9)
  8 hounds
  6 orc priests
  A centaur skeleton (D:7)
  5 jellies
  9 orc wizards
  2 iguanas
  2 worker ants
  A hound zombie (D:6)
  2 hound skeletons
  Robin (D:4)
  A howler monkey zombie (D:8)
  A worker ant zombie (D:6)
  7 adders
  A shadow imp (D:9)
  An ooze (D:1)
  3 worms
  5 leopard geckos
  34 orcs
  7 bats
  2 giant cockroaches
  10 goblins
  12 hobgoblins
  3 jackals (D:2)
  6 quokkas
  2 ball pythons
  6 frilled lizards
  A jackal skeleton (D:5)
  A jackal zombie (D:8)
  13 kobolds
  3 leopard gecko skeletons
  A leopard gecko zombie (D:8)
  A quokka skeleton (D:6)
  2 quokka zombies
  3 rats
243 creatures vanquished.

Notes
Turn   | Place    | Note
-------+----------+-------------------------------------------
     0 | D:1      | lisu the Minotaur Fighter began the quest for the Orb.
     0 | D:1      | Reached XP level 1. HP: 19/19 MP: 0/0
   263 | D:1      | Reached XP level 2. HP: 26/27 MP: 1/1
   859 | D:2      | Reached XP level 3. HP: 34/34 MP: 2/2
   968 | D:2      | Reached skill level 5 in Fighting
  1040 | D:2      | Found a blossoming altar of Fedhas.
  1572 | D:3      | Reached XP level 4. HP: 42/42 MP: 3/3
  1590 | D:3      | Found a runed door.
  1745 | D:3      | Reached XP level 5. HP: 27/50 MP: 4/4
  1925 | D:3      | Noticed Grinder
  2034 | D:4      | Noticed an air elemental
  2035 | D:4      | Found a stormy altar of Qazlal.
  2040 | D:4      | Noticed a water elemental
  2040 | D:4      | Noticed a fire elemental
  2208 | D:3      | Reached skill level 3 in Axes
  2734 | D:4      | Reached skill level 4 in Axes
  3211 | D:4      | Found an iron altar of Okawaru.
  3223 | D:4      | Became a worshipper of Warmaster Okawaru
  3268 | D:4      | Reached skill level 5 in Axes
  3268 | D:4      | Reached XP level 6. HP: 51/57 MP: 5/5
  3276 | D:4      | Noticed Robin
  3293 | D:4      | Killed Robin
  3399 | D:5      | Entered Level 5 of the Dungeon
  3429 | D:5      | Reached skill level 6 in Axes
  3666 | D:5      | Noticed a sky beast
  3873 | D:5      | Reached skill level 7 in Axes
  3873 | D:5      | Reached XP level 7. HP: 63/63 MP: 6/6
  3930 | D:5      | Reached * piety under Okawaru
  4065 | D:5      | Reached skill level 8 in Axes
  4686 | D:3      | Noticed Crazy Yiuf
  4694 | D:3      | Killed Crazy Yiuf
  4694 | D:3      | Reached skill level 9 in Axes
  4811 | D:3      | Paralysed by Grinder for 5 turns
  4841 | D:3      | Killed Grinder
  4841 | D:3      | Reached XP level 8. HP: 70/70 MP: 7/7
  5140 | D:6      | Reached skill level 10 in Axes
  5145 | D:6      | Reached ** piety under Okawaru
  5245 | D:6      | Found a staircase to the Ecumenical Temple.
  5608 | Temple   | Entered the Ecumenical Temple
  5893 | D:7      | Noticed a hippogriff
  6042 | D:6      | Reached skill level 11 in Axes
  6166 | D:7      | Killed a hippogriff
  6166 | D:7      | Reached skill level 12 in Axes
  6213 | D:7      | Reached *** piety under Okawaru
  6213 | D:7      | Reached XP level 9. HP: 64/75 MP: 8/8
  6294 | D:7      | Reached skill level 13 in Axes
  6780 | D:7      | Found a burning altar of Makhleb.
  6873 | D:7      | Found a shadowy altar of Dithmenos.
  6908 | D:7      | Found a radiant altar of Vehumet.
  7098 | D:7      | Found a hazy altar of Hepliaklqana.
  7227 | D:8      | Reached skill level 14 in Axes
  7236 | D:8      | Noticed a two-headed ogre
  7338 | D:7      | Reached **** piety under Okawaru
  7918 | D:7      | Reached skill level 15 in Axes
  8229 | D:8      | Killed a two-headed ogre
  8229 | D:8      | Reached XP level 10. HP: 83/83 MP: 9/9
  8701 | D:8      | Reached skill level 16 in Axes
  8731 | D:8      | Reached skill level 5 in Armour
  9180 | D:9      | Reached ***** piety under Okawaru
  9962 | D:9      | Found a sparkling altar of Nemelex Xobeh.
  9991 | D:9      | Found a staircase to the Lair.
 11511 | D:9      | Found a staircase to the Orcish Mines.
 11545 | D:9      | Slain by an orc warrior

Skill      XL: |  1  2  3  4  5  6  7  8  9 10 |
---------------+-------------------------------+-----
Fighting       | 4 5 6 |  6.1
Armour         | 4 8 |  8.1
Axes           | 5 7 9 12 15 16 | 16.9
Shields        | |  3.6

Action                   |  1- 3 |  4- 6 |  7- 9 | 10-12 || total
-------------------------+-------+-------+-------+-------++-------
Melee: War axe           |   114 |   138 |   352 |   238 ||   842
       Headbutt          |    16 |    16 |    70 |    36 ||   138
 Fire: Hunting sling     |       |    12 |    74 |    34 ||   120
Throw: Tomahawk          |       |     8 |    22 |     6 ||    36
Invok: Heroism           |       |       |       |     3 ||     3
Evoke: Wand              |       |       |       |     8 ||     8
  Use: Scroll            |     4 |     4 |     5 |     5 ||    18
       Potion            |       |     1 |    10 |     3 ||    14
 Stab: Distracted        |       |     1 |       |       ||     1
  Eat: Chunk             |     2 |     1 |     3 |     2 ||     8
       Ration            |       |     2 |     3 |     3 ||     8
Armor: Scale mail        |    48 |    22 |       |       ||    70
       Chain mail        |       |    31 |   137 |    94 ||   262
       Skin              |       |       |     3 |       ||     3
Dodge: Dodged            |    33 |    34 |    60 |    40 ||   167
Block: Shield            |    48 |    56 |   139 |   100 ||   343
